Map: Kairos Junction LE

Players

ZipperTheFly

  • Race: Terran Terran
  • League: Grandmaster
  • Spawn Location: 11:00

IIIIIIIIIIII - Winner!

  • Race: Terran Terran
  • League: Master
  • Spawn Location: 5:00

VOD

Have the link to the VOD?

Description

Time

  • Played on: Dec. 25, 2018, 3:18 p.m.
  • Length: 12:59
Show
View Real Time Build Order
Export as new Build Order

ZipperTheFly Terran 

Build Orders: Gas First Reaper Expand 

Get SALT Encoding   

  12  0:00  SCV  
  13  0:12  SCV  
  14  0:16  Supply Depot  
  14  0:25  SCV  
  15  0:30  Refinery  
  15  0:38  SCV  
  16  0:44  Barracks  
  16  0:50  SCV  
  17  1:02  SCV  
  18  1:14  SCV  
  19  1:31  Orbital Command, Reaper  
  20  1:45  Command Center  
  20  1:56  Factory  
  20  1:59  SCV  
  21  2:07  Barracks Reactor  
  21  2:11  SCV  
  21  2:13  Supply Depot  
  22  2:17  Refinery  
  22  2:24  SCV  
  23  2:36  SCV  
  24  2:48  Hellion x2, Starport  
  24  2:49  SCV  
  24  2:51  Barracks Tech Lab  
  29  2:58  Orbital Command  
  29  3:01  SCV  
  29  3:16  Hellion x2  
  29  3:17  SCV  
  33  3:24  SCV  
  34  3:30  SCV  
  35  3:34  Raven  
  35  3:36  SCV  
  38  3:42  SCV, Supply Depot  
  38  3:44  Marine x2  
  38  3:46  Factory Tech Lab  
  38  3:48  SCV  
  42  3:54  SCV  
  43  4:00  SCV  
  44  4:07  SCV  
  44  4:08  Command Center  
  45  4:11  Marine  
  45  4:12  Marine, SCV  
  45  4:15  Siege Tank  
  51  4:19  SCV  
  51  4:22  Refinery  
  52  4:24  SCV  
  52  4:31  SCV  
  49  4:41  SCV  
  49  4:43  SCV  
  49  4:45  Marine x2  
  45  4:46  Raven  
  45  4:49  Supply Depot  
  49  4:53  SCV  
  49  4:55  SCV  
  51  5:01  Siege Tank  
  51  5:05  SCV  
  51  5:07  Marine  
  53  5:10  Marine, SCV  
  56  5:18  SCV  
  56  5:19  Engineering Bay, Orbital Command  
  56  5:20  Engineering Bay  
  57  5:22  SCV  
  58  5:30  Barracks, SCV  
  58  5:31  Barracks  
  58  5:35  SCV  
  60  5:36  Stimpack  
  60  5:42  SCV  
  61  5:43  Viking x2  
  61  5:47  SCV, Siege Tank  
  69  5:52  Orbital Command  
  69  5:54  SCV  
  69  5:56  Refinery  
  70  5:59  Supply Depot  
  70  6:00  Marine, Supply Depot  
  70  6:02  Terran Infantry Weapons Level 1  
  71  6:05  Terran Infantry Armor Level 1  
  71  6:07  SCV  
  72  6:14  SCV  
  65  6:19  SCV  
  65  6:21  Barracks Reactor  
  65  6:22  SCV  
  65  6:25  Barracks x2, Siege Tank  
  70  6:26  SCV  
  70  6:31  SCV  
  70  6:32  Barracks Reactor  
  72  6:36  SCV  
  72  6:38  SCV  
  74  6:40  Supply Depot x2  
  74  6:43  Marine, SCV  
  76  6:48  SCV  
  76  6:50  SCV  
  76  6:53  Medivac  
  76  6:54  Medivac  
  82  6:55  SCV  
  82  6:59  Supply Depot  
  82  7:00  SCV  
  83  7:03  SCV  
  83  7:04  Marine x2  
  83  7:05  Siege Tank  
  83  7:07  Marine  
  83  7:08  SCV  
  90  7:11  Marine  
  90  7:12  Marine, SCV  
  90  7:14  Armory  
  90  7:15  SCV  
  94  7:16  Barracks Reactor  
  94  7:21  Barracks Reactor, SCV  
  95  7:25  Marauder  
  95  7:27  Marine  
  95  7:28  Marine  
  95  7:37  Marine x2  
  95  7:38  Siege Tank  
  95  7:41  SCV x2  
  95  7:42  SCV, Refinery  
  95  7:44  Refinery  
  103  7:45  Marine x2  
  103  7:46  Marine  
  103  7:47  Combat Shield  
  106  7:52  Marine x2  
  106  7:53  SCV x2  
  106  7:54  SCV, Command Center  
  106  7:55  Marine x2  
  112  7:59  Supply Depot  
  112  8:03  Marine  
  112  8:05  SCV x2  
  112  8:10  Marine x2  
  116  8:14  Marine, Terran Infantry Weapons Level 2, Terran Infantry Armor Level 2  
  116  8:18  Supply Depot  
  116  8:19  Supply Depot  
  117  8:20  Marine x5  
  117  8:21  Marine, Supply Depot  
  121  8:28  Marine  
  121  8:30  Marine  
  121  8:31  Sensor Tower  
  121  8:32  Marine  
  123  8:38  Marine x5, Factory  
  123  8:39  Marine  
  127  8:45  Marine  
  127  8:46  Siege Tank  
  131  8:48  Marine  
  131  8:50  Marine, Medivac  
  131  8:51  Medivac  
  131  8:55  Marine x5, SCV  
  138  8:57  Marine  
  144  9:03  Marine  
  144  9:06  Planetary Fortress, Marine  
  144  9:07  Marine  
  144  9:09  SCV x2  
  147  9:13  Marine x2  
  149  9:17  Marine x2, Terran Vehicle And Ship Armor Level 1  
  149  9:18  Marine x2  
  149  9:20  SCV  
  149  9:21  Marine  
  149  9:23  Medivac x2  
  149  9:24  Marine  
  156  9:28  SCV  
  156  9:29  SCV  
  156  9:30  Marine  
  160  9:31  Marine  
  140  9:41  Marine x2  
  124  9:46  Marine x2  
  124  9:47  Marine x3  
  124  9:48  Marine, Siege Tank  
  124  9:49  Marine  
  125  9:58  Marine  
  125  9:59  Marine  
  127  10:04  Marine x3  
  127  10:05  Marine x2  
  127  10:06  Marine, Medivac x2  
  127  10:07  Marine  
  137  10:10  Refinery  
  137  10:11  Refinery  
  138  10:14  Starport  
  138  10:15  Factory Tech Lab  
  138  10:16  Marine x2, Starport  
  138  10:20  Siege Tank  
  125  10:22  Marine x3  
  125  10:24  Marine x2  
  125  10:28  Marine x2  
  127  10:34  Marine x2  
  127  10:40  Marine x3  
  127  10:42  Marine x2  
  132  10:46  Marine x2  
  132  10:52  Marine x2  
  130  10:57  Marine x2  
  130  10:58  Marine  
  130  11:00  Marine x2  
  130  11:04  Marine x2  
  125  11:10  Marine x2  
  112  11:14  SCV x3  
  112  11:15  Marine x2  
  112  11:16  Marine  
  112  11:18  Marine x2  
  111  11:21  Marine, Siege Tank  
  111  11:22  Marine, Siege Tank, Viking  
  111  11:24  Viking  
  119  11:26  SCV  
  119  11:27  Marine  
  119  11:28  Marine  
  119  11:30  Starport Tech Lab, Starport Reactor  
  122  11:33  Marine x2, Orbital Command  
  122  11:34  Marine  
  122  11:35  Marine  
  122  11:36  Marine  
  122  11:39  Marine x2  
  126  11:45  Marine x2  
  122  11:50  SCV x3  
  122  11:51  Marine x3  
  122  11:53  Marine x2  
  130  11:57  Marine  
  131  12:02  SCV  
  131  12:03  Marine  
  131  12:05  SCV  
  131  12:08  Siege Tank x2  
  140  12:10  SCV  
  140  12:14  SCV  
  142  12:18  SCV  
  142  12:19  Marine x2  
  142  12:22  SCV  
  125  12:26  SCV  
  120  12:30  SCV  
  119  12:37  Marine  
  119  12:38  Marine x4  
  119  12:39  Marine  
  119  12:40  SCV  
Show
View Real Time Build Order
Export as new Build Order

IIIIIIIIIIII Terran - Winner!

Build Orders:  

Get SALT Encoding   

  12  0:01  SCV  
  13  0:13  SCV  
  14  0:16  Supply Depot  
  14  0:25  SCV  
  15  0:28  Refinery  
  15  0:38  SCV  
  16  0:44  Barracks  
  16  0:50  SCV  
  16  0:55  Refinery  
  17  1:02  SCV  
  18  1:14  SCV  
  19  1:31  Orbital Command  
  19  1:33  Factory  
  19  1:35  Reaper  
  20  1:42  Supply Depot  
  20  1:56  SCV  
  21  2:07  Reaper  
  22  2:08  SCV  
  23  2:16  Hellion  
  23  2:20  SCV  
  26  2:28  Command Center  
  26  2:32  SCV  
  27  2:38  Hellion  
  27  2:40  Reaper  
  30  2:49  SCV  
  30  2:50  Starport  
  31  2:52  Supply Depot  
  31  2:59  Factory Tech Lab  
  31  3:14  SCV  
  32  3:22  Cyclone  
  32  3:23  Barracks Tech Lab  
  32  3:26  SCV  
  36  3:27  Viking  
  38  3:38  SCV  
  39  3:41  Orbital Command  
  39  3:50  SCV  
  39  3:54  Barracks Reactor, Cyclone  
  43  3:58  Viking  
  43  4:02  SCV  
  46  4:08  SCV  
  47  4:10  Supply Depot  
  47  4:14  SCV  
  48  4:20  SCV  
  49  4:28  Command Center  
  49  4:31  SCV  
  49  4:32  SCV  
  49  4:34  Siege Tank  
  49  4:36  Marine x2  
  51  4:43  SCV  
  51  4:44  SCV  
  46  4:54  Marine x2, Refinery  
  46  4:55  SCV  
  46  4:56  SCV, Refinery  
  46  4:57  Raven  
  52  5:04  Supply Depot  
  52  5:07  SCV  
  52  5:08  SCV  
  52  5:12  Marine x2  
  56  5:19  SCV  
  56  5:20  SCV, Siege Tank  
  61  5:27  Engineering Bay x2  
  61  5:32  SCV x2  
  63  5:36  Barracks  
  63  5:38  Barracks  
  63  5:44  SCV x2, Stimpack  
  63  5:47  Starport Reactor  
  63  5:48  Orbital Command  
  65  5:55  Marine  
  65  5:56  SCV x2  
  68  6:01  Terran Infantry Armor Level 1, Terran Infantry Weapons Level 1  
  68  6:08  SCV  
  68  6:09  SCV, Siege Tank  
  73  6:12  Marine  
  73  6:13  SCV  
  74  6:20  Barracks, SCV  
  74  6:21  Barracks  
  74  6:24  Marine x2  
  77  6:27  SCV  
  77  6:31  Starport Reactor  
  77  6:32  Marine, SCV  
  80  6:33  Marine, Supply Depot  
  80  6:35  Marine  
  82  6:40  Orbital Command, SCV, Supply Depot  
  82  6:44  SCV  
  82  6:45  Supply Depot  
  84  6:54  SCV, Siege Tank  
  84  6:56  SCV, Supply Depot  
  84  6:57  Marine x2  
  84  6:58  Marine x2  
  93  7:01  Marine  
  93  7:06  SCV  
  95  7:08  SCV  
  95  7:09  Barracks Reactor x2  
  95  7:10  Medivac x2  
  95  7:13  SCV  
  101  7:18  Marine x2, SCV  
  101  7:20  SCV  
  105  7:26  SCV  
  105  7:28  Marine x2  
  105  7:29  Marine  
  108  7:30  SCV  
  108  7:33  SCV  
  108  7:36  Marine x2, Refinery  
  113  7:37  Refinery  
  113  7:39  Medivac  
  113  7:40  Medivac  
  113  7:43  Sensor Tower, Supply Depot  
  113  7:44  Supply Depot x2  
  117  7:53  Supply Depot  
  117  7:55  Armory  
  117  7:57  Marine x3  
  117  7:58  Combat Shield  
  117  8:04  Marine x3, SCV x2, Siege Tank  
  117  8:05  Marine x3  
  128  8:15  Marine x3  
  128  8:17  Medivac  
  135  8:20  Medivac  
  135  8:22  Marine x3  
  135  8:23  Marine x3  
  135  8:24  Supply Depot  
  141  8:27  Supply Depot x2  
  141  8:33  Marine x2  
  142  8:37  Marine  
  142  8:40  Marine x2  
  142  8:41  Command Center, Factory, Liberator  
  145  8:42  Liberator  
  145  8:43  Siege Tank  
  145  8:44  Marine  
  145  8:45  Marine  
  145  8:46  Marine x2  
  149  8:57  Marine x3  
  149  8:59  Terran Infantry Weapons Level 2  
  149  9:01  Terran Infantry Armor Level 2  
  158  9:05  Marine x2  
  160  9:17  Marine x5  
  160  9:18  Siege Tank  
  160  9:22  Marine  
  160  9:23  Marine  
  169  9:24  Terran Vehicle Weapons Level 1  
  169  9:26  Supply Depot  
  169  9:27  Supply Depot x2  
  169  9:30  Barracks Reactor  
  160  9:38  Marine  
  160  9:39  Marine x5  
  160  9:40  Marine, Siege Tank  
  152  9:50  Medivac x2  
  152  9:51  Marine  
  148  9:56  Marine x5  
  148  9:57  Marine  
  148  9:58  Marine  
  148  9:59  SCV  
  157  10:00  SCV x2  
  158  10:09  Marine x2  
  158  10:10  Marine  
  161  10:14  Marine x4  
  161  10:16  Marine  
  161  10:17  Marine x2  
  149  10:22  Siege Tank  
  149  10:27  Marine x3  
  155  10:30  Siege Tank  
  155  10:32  Planetary Fortress, Marine x4  
  155  10:34  Marine x3  
  165  10:41  SCV x3  
  161  10:44  Marine  
  161  10:45  Marine x2  
  163  10:50  Marine x4  
  163  10:52  Marine x3  
  163  10:53  SCV  
  163  10:54  Siege Tank  
  171  11:02  Marine, Siege Tank  
  171  11:03  Marine x2  
  170  11:07  Marine  
  170  11:08  Marine x3  
  170  11:09  Liberator x2  
  170  11:11  Marine x2  
  162  11:13  Marine  
  160  11:20  Marine  
  160  11:21  Marine x2  
  160  11:25  Marine x3  
  159  11:26  Marine, Siege Tank  
  159  11:29  Marine x2  
  159  11:30  Barracks  
  159  11:31  Marine  
  159  11:32  Barracks  
  175  11:34  Siege Tank  
  175  11:38  Marine x2  
  175  11:39  Marine  
  175  11:43  Marine x4  
  175  11:47  Marine x2  
  171  11:48  Marine  
  174  11:56  Marine x3  
  174  11:57  Command Center  
  174  11:58  Siege Tank  
  174  12:01  Marine x4  
  180  12:04  Marine  
  180  12:05  Marine  
  180  12:06  Marine, Siege Tank  
  185  12:17  Marine  
  185  12:19  Marine x4  
  184  12:24  Marine x4  
  184  12:27  Marine  
  191  12:34  Marine  
  191  12:37  Marine x4  
  195  12:39  Barracks Reactor x2  
Tags
 
Add a new tag
Caveats
  • Supply blocks, unpowered buildings, or Contaminate may cause inaccurate times.
  • Supply counts are checked every 10 seconds.